 Dungeon Crawl Stone Soup version 0.26-a0-639-g72c4674 (webtiles) character file.

Game seed: 14511337303272702229

875 royokou the Destroyer (level 7, -1/37 HPs)
             Began as a Deep Elf Conjurer on Sept 17, 2020.
             Was a Follower of Vehumet.
             Slain by a gnoll
             ... wielding a +0 whip
              (10 damage)
             ... on level 5 of the Dungeon on Sept 18, 2020.
             The game lasted 00:21:06 (5970 turns).

royokou the Destroyer (Deep Elf Conjurer)           Turns: 5970, Time: 00:21:06

Health: -1/37      AC:  2    Str:  6    XL:     7   Next: 74%
Magic:  12/14      EV: 13    Int: 23    God:    Vehumet [*.....]
Gold:   291        SH:  5    Dex: 13    Spells: 2/12 levels left

rFire    . . .     SeeInvis .   x - +0 war axe
rCold    + . .     Faith    .   (no shield)
rNeg     . . .     Spirit   .   o - +0 robe
rPois    .         Reflect  +   (no helmet)
rElec    .         Harm     .   (no cloak)
rCorr    .         Rampage  .   (no gloves)
MR       .....                  (no boots)
Stlth    +++.......             f - amulet of reflection
HPRegen  0.12/turn              v - ring of stealth
MPRegen  0.14/turn              B - ring of protection from cold

@: no status effects
A: no striking features
a: Renounce Religion


You were on level 5 of the Dungeon.
You worshipped Vehumet.
Vehumet was aware of your devotion.
You visited 1 branch of the dungeon, and saw 6 of its levels.

You collected 291 gold pieces.

Inventory:

Hand Weapons
 i - a +0 short sword
 x - a +0 war axe (weapon)
Armour
 a - a +0 robe
 o - a +0 robe (worn)
 r - a +0 tower shield
Jewellery
 f - an amulet of reflection (around neck)
 v - a ring of stealth (left hand)
 y - an uncursed amulet of regeneration
 B - a ring of protection from cold (right hand)
Wands
 l - a wand of flame (18)
Scrolls
 b - 3 scrolls of remove curse {unknown}
 c - 6 scrolls of identify {unknown}
 d - 3 scrolls of magic mapping {unknown}
 e - a scroll of enchant weapon {unknown}
 m - 2 scrolls of blinking {unknown}
 p - 2 scrolls of immolation {unknown}
 s - a scroll of fog {unknown}
 C - a scroll of teleportation {unknown}
Potions
 g - 2 potions of cancellation {unknown}
 h - a potion of invisibility {unknown}
 j - a potion of haste {unknown}
 k - a potion of mutation {unknown}
 n - 2 potions of stabbing {unknown}
 t - 3 potions of curing {unknown}
 u - a potion of brilliance {unknown}
 w - a potion of degeneration {unknown}
 z - 2 potions of heal wounds {unknown}
 A - a potion of resistance {unknown}


   Skills:
 + Level 0.7 Fighting
 + Level 3.0 Dodging
 - Level 2.4 Stealth
 + Level 3.4 Spellcasting
 + Level 9.2 Conjurations
 - Level 3.0 Hexes
 + Level 3.3 Translocations


You had 2 spell levels left.
You knew the following spells:

 Your Spells              Type           Power        Failure   Level
a - Magic Dart            Conj           ####         1%          1
b - Searing Ray           Conj           #####.       1%          2
c - Dazzling Flash        Conj/Hex       ####..       2%          3
d - Iskenderun's Mystic   Conj/Tloc      ####....     9%          4

Your spell library contained the following spells:

 Spells                   Type           Power        Failure   Level
 Freeze                   Ice            #...         11%         1
 Fulminant Prism          Conj/Hex       ####......   9%          4


Dungeon Overview and Level Annotations

Branches:
Dungeon (6/15)             Temple (0/1) D:5

Altars:
Ashenzari
Dithmenos
Kikubaaqudgha
Qazlal
Ru
Vehumet
Yredelemnul

Annotations:
D:3 2 transporters, Menkaure


Message History

Casting: Searing Ray (safe; 1% risk of failure)
Confirm with . or Enter, or press ? or * to list all spells.
Press: ? - help, Shift-Dir - straight line
Okay, then.
You barely miss the gnoll.
The gnoll is almost dead.
You block the gnoll's attack. You block the gnoll's attack.
The gnoll hits you with a +0 whip.
You climb upwards.
There is a stone staircase leading down here.
You barely miss the gnoll.
The gnoll is almost dead.
You barely miss the gnoll. The gnoll hits you with a +0 whip.
The gnoll hits you with a +0 whip! You block the gnoll's attack.
You hit the gnoll but do no damage.
The gnoll is almost dead.
You hit the gnoll but do no damage. The gnoll hits you with a +0 whip!
* * * LOW HITPOINT WARNING * * *
The gnoll hits you with a +0 whip!
You die...

######### ########
###.......######@g....###########
..#.......#....#g.....#..........
..#.......#....#......#..........
..#.......#.†..#......#..........
..#.......#....#......#..........
..#.......#....#......'..........
..#.......#....#......#..........
..#.......#....#......#..^.......
###.......###'##......###.##..###


You could see 2 gnolls.

Vanquished Creatures
  Sigmund (D:3)
  A phantom (D:4)
  An ogre (D:4)
  A centaur (D:5)
  A howler monkey (D:5)
  An orc priest (D:5)
  A jelly (D:5)
  Jessica (D:3)
  2 iguanas (D:5)
  An orc wizard (D:4)
  2 worker ants (D:4)
  A worker ant zombie (D:5)
  A gnoll (D:6)
  9 adders
  A white imp (D:5)
  An ufetubus (D:5)
  2 oozes (D:3)
  An adder zombie (D:3)
  3 worms
  2 dart slugs
  3 leopard geckos
  10 orcs
  5 bats
  3 giant cockroaches
  7 goblins
  9 hobgoblins
  2 jackals (D:4)
  5 quokkas
  A giant cockroach zombie (D:5)
  2 jackal skeletons (D:4)
  3 kobolds
  6 rats
90 creatures vanquished.

Notes
Turn   | Place    | Note
-------+----------+-------------------------------------------
     0 | D:1      | royokou the Deep Elf Conjurer began the quest for the Orb.
     0 | D:1      | Reached XP level 1. HP: 10/10 MP: 6/6
   136 | D:1      | Found a shattered altar of Ashenzari.
   296 | D:1      | Reached XP level 2. HP: 15/15 MP: 4/8
   378 | D:1      | Reached skill level 5 in Conjurations
   382 | D:1      | Learned a level 2 spell: Searing Ray
  1179 | D:2      | Found a stormy altar of Qazlal.
  1249 | D:2      | Reached XP level 3. HP: 5/19 MP: 6/9
  1887 | D:2      | Reached skill level 6 in Conjurations
  1896 | D:2      | Learned a level 3 spell: Dazzling Flash
  1968 | D:2      | Reached XP level 4. HP: 24/24 MP: 5/10
  2293 | D:3      | Noticed Sigmund
  2298 | D:3      | Killed Sigmund
  2298 | D:3      | Reached skill level 7 in Conjurations
  2298 | D:3      | Reached XP level 5. HP: 13/28 MP: 3/11
  2460 | D:3      | Found a transporter.
  2467 | D:3      | Found a basalt altar of Yredelemnul.
  2615 | D:3      | Found a shadowy altar of Dithmenos.
  2661 | D:3      | Noticed Menkaure
  2663 | D:3      | Found an ancient bone altar of Kikubaaqudgha.
  2664 | D:3      | Found a transporter.
  2680 | D:3      | Found a radiant altar of Vehumet.
  2688 | D:3      | Became a worshipper of Vehumet
  2768 | D:3      | Learned a level 4 spell: Iskenderun's Mystic Blast
  3316 | D:3      | Reached XP level 6. HP: 32/32 MP: 7/12
  3490 | D:3      | Noticed Jessica
  3491 | D:3      | Killed Jessica
  3491 | D:3      | Reached skill level 8 in Conjurations
  3491 | D:3      | Reached skill level 1 in Hexes
  3590 | D:4      | Reached skill level 1 in Translocations
  3803 | D:4      | Reached XP level 7. HP: 36/36 MP: 9/13
  4167 | D:4      | Reached * piety under Vehumet
  4167 | D:4      | Offered knowledge of Freeze by Vehumet.
  4452 | D:5      | Entered Level 5 of the Dungeon
  4774 | D:5      | Reached skill level 9 in Conjurations
  5011 | D:5      | Found a sacrificial altar of Ru.
  5563 | D:5      | Found a staircase to the Ecumenical Temple.
  5970 | D:5      | Slain by a gnoll

Illustrated notes

Levels and vault maps discovered:
D:1:      saegor_arrival_simple_b, layout_loops_corners, chequers_jeans,
          evilmike_ruin_ashenzari
D:2:      layout_basic, roderic_serpentine_path,
          nicolae_qazlal_general_emergency
D:3:      layout_loops_corners, lemuel_doored_altar, lemuel_crystal_altar,
          gammafunk_temple_of_torment, grunt_decor_mini_mirrors,
          nrook_loot_triangle, st_stairs_5, uniq_jessica, uniq_sigmund
D:4:      layout_rooms, patterned_corridor
D:5:      layout_gridville, minmay_temple_entry_poolview,
          chequers_serial_rivers_small_a, minmay_misc_feat_room,
          nicolae_ru_awakened_eye
D:6:      layout_loops_ring, serial_shops, shop, minivault_1, minivault_1

Skill      XL: |  1  2  3  4  5  6  7 |
---------------+----------------------+-----
Conjurations   | 5 6 7 8 9 |  9.2
Hexes          | 2 3 |  3.0
Translocations | 2 3 |  3.3
Dodging        | 3 |  3.0
Fighting       | |  0.7
Stealth        | |  2.4
Spellcasting   | |  3.4

Action                   |  1- 3 |  4- 6 |  7- 9 || total
-------------------------+-------+-------+-------++-------
Melee: Short sword       |    18 |       |       ||    18
       Whip              |     7 |     3 |       ||    10
       Mace              |       |     1 |       ||     1
       War axe           |       |     1 |    24 ||    25
 Cast: Magic Dart        |    32 |    38 |    38 ||   108
       Searing Ray       |     7 |    15 |    16 ||    38
       Dazzling Flash    |       |       |     2 ||     2
 Stab: Sleeping          |       |     1 |       ||     1
Armor: Robe              |     7 |     2 |     4 ||    13
Dodge: Dodged            |    18 |     2 |    24 ||    44
Block: Other             |       |       |    16 ||    16

Table legend: (Time is in decaauts)
 A = Elapsed time spent in this place.
 B = Non-inter-level travel time spent in this place.
 C = Inter-level travel time spent in this place.
 D = Time resting spent in this place.
 E = Time spent auto-exploring this place.
 F = Levels seen in this place.
 G = Mean time per level.
                   A        B        C        D        E       F      G
               +--------+--------+--------+--------+--------+-----+--------+
         Total |   5979 |   5887 |     92 |    864 |   4442 |   6 |  996.5 |
       Dungeon |   5979 |   5887 |     92 |    864 |   4442 |   6 |  996.5 |
               +--------+--------+--------+--------+--------+-----+--------+

Top non-repeatable levels by time:
     D:5: 1517 daAuts
     D:3: 1292 daAuts
     D:2: 1289 daAuts
     D:1: 1004 daAuts
     D:4: 871 daAuts
     D:6: 5 daAuts
